[Event "ICC tourney 2545 (5 3)"]
[Site "Internet Chess Club"]
[Date "2021.04.11"]
[Round "6"]
[White "LightSurfer"]
[Black "Steepblue"]
[Result "1-0"]
[ICCResult "Black resigns"]
[WhiteElo "1774"]
[BlackElo "1374"]
[Opening "French: advance variation"]
[ECO "C02"]
[NIC "FR.03"]
[Time "16:14:38"]
[TimeControl "300+3"]

1. e4 e6 2. d4 d5 3. e5 Nd7 4. Qg4 Ne7 5. Nf3 Ng6 6. Bd3 c5 7. c3 a6 8. O-O
b5 9. Re1 Nb6 10. h4 h5 11. Qg3 Ne7 12. Bg5 Qc7 13. Nbd2 cxd4 14. cxd4 Nc4
15. Rac1 Qd7 16. b3 Nxd2 17. Nxd2 Bb7 18. Nf3 Bc6 19. Re2 O-O-O 20. Rec2 f6
21. exf6 gxf6 22. Bxf6 Rg8 23. Qh2 Kb7 24. Bxe7 Bxe7 25. Rxc6 Qxc6 26. Rxc6
Kxc6 27. Ne5+ Kb7 28. Ng6 Rc8 29. Nxe7 Rc1+ 30. Bf1 {Black resigns} 1-0

[Event "ICC tourney 2545 (5 3)"]
[Site "Internet Chess Club"]
[Date "2021.04.11"]
[Round "6"]
[White "Kroger"]
[Black "Goran21"]
[Result "0-1"]
[ICCResult "White checkmated"]
[WhiteElo "1667"]
[BlackElo "1885"]
[Opening "English opening"]
[ECO "A10"]
[NIC "EO.13"]
[Time "16:14:37"]
[TimeControl "300+3"]

1. c4 g6 2. g3 Bg7 3. Bg2 Nf6 4. Nf3 O-O 5. O-O d6 6. Nc3 Nc6 7. Rb1 e5 8.
d3 Nh5 9. Bd2 f5 10. b4 f4 11. b5 Ne7 12. Qb3 Kh8 13. a4 h6 14. e3 g5 15.
exf4 gxf4 16. Nh4 Qe8 17. Be4 Bf6 18. Ng2 Nf5 19. Qd1 Nd4 20. g4 Ng7 21. f3
h5 22. h3 Nge6 23. Be1 hxg4 24. hxg4 Kg7 25. Kf2 Rh8 26. Bd2 Rh2 27. Rh1
Bh4+ 28. Kg1 Rxh1+ 29. Kxh1 Bg3 30. Kg1 Qh8 31. Ne2 Nxe2+ 32. Qxe2 Qh2+ 33.
Kf1 Qh1# {White checkmated} 0-1

[Event "ICC tourney 2545 (5 3)"]
[Site "Internet Chess Club"]
[Date "2021.04.11"]
[Round "6"]
[White "zena"]
[Black "DuckyBirdLover"]
[Result "1-0"]
[ICCResult "Black resigns"]
[WhiteElo "1343"]
[BlackElo "918"]
[Opening "Van't Kruijs opening"]
[ECO "A00"]
[Time "16:14:48"]
[TimeControl "300+3"]

1. e3 e5 2. f3 d5 3. Kf2 Nf6 4. g3 Nc6 5. Bh3 Bd6 6. Bxc8 Rxc8 7. c3 O-O 8.
d3 e4 9. dxe4 dxe4 10. f4 Ng4+ 11. Ke2 Be7 12. h3 Nxe3 13. Qxd8 Rcxd8 14.
Bxe3 Rd3 15. Nd2 f5 16. g4 Rfd8 17. gxf5 Kf7 18. Nxe4 g6 19. fxg6+ hxg6 20.
Nf3 b6 21. Rad1 R3d7 22. Rd2 a5 23. Rhd1 b5 24. Rxd7 Rxd7 25. Rxd7
{Black resigns}
1-0

[Event "ICC tourney 2545 (5 3)"]
[Site "Internet Chess Club"]
[Date "2021.04.11"]
[Round "6"]
[White "Colchester"]
[Black "willzen89"]
[Result "0-1"]
[ICCResult "White resigns"]
[WhiteElo "1611"]
[BlackElo "1845"]
[Opening "French: exchange variation"]
[ECO "C01"]
[NIC "FR.01"]
[Time "16:14:10"]
[TimeControl "300+3"]

1. e4 e6 2. d4 d5 3. exd5 exd5 4. c4 Nf6 5. Nc3 Be7 6. Nf3 O-O 7. c5 c6 8.
Bd3 Bg4 9. h3 Bh5 10. g4 Bg6 11. Bxg6 hxg6 12. Ne5 Nbd7 13. Bf4 Re8 14. Kf1
Nf8 15. b4 Ne6 16. Qd2 Nd7 17. Bg3 Nef8 18. f4 Nf6 19. Kg2 Ne4 20. Nxe4 dxe4
21. Rhe1 Qd5 22. Qe3 f6 23. Re2 Rad8 24. Rd1 fxe5 25. fxe5 Ne6 26. Qxe4 Bg5
27. h4 Bf4 28. Qxd5 Rxd5 29. Re4 Bxg3 30. Kxg3 Red8 31. h5 gxh5 32. gxh5
Rxd4 33. Rexd4 Rxd4 34. Rxd4 Nxd4 35. Kf4 Kf7 36. a4 Nc2 37. b5 Nd4 38. b6
a6 39. Kg5 Ne6+ 40. Kf5 Nxc5 41. a5 Ne6 {White resigns} 0-1

[Event "ICC tourney 2545 (5 3)"]
[Site "Internet Chess Club"]
[Date "2021.04.11"]
[Round "6"]
[White "BIRDSMAN"]
[Black "mill0"]
[Result "1-0"]
[ICCResult "Black resigns"]
[WhiteElo "1202"]
[BlackElo "1096"]
[Opening "Ruy Lopez: exchange variation"]
[ECO "C68"]
[NIC "RL.08"]
[Time "16:15:10"]
[TimeControl "300+3"]

1. e4 e5 2. Nf3 Nc6 3. Bb5 a6 4. Bxc6 bxc6 5. O-O d6 6. d4 Bb7 7. dxe5 dxe5
8. Nxe5 Bc5 9. Nc3 Nf6 10. Bg5 Qxd1 11. Raxd1 O-O 12. Bxf6 gxf6 13. Nd7 Rfe8
14. Nxc5 {Black resigns} 1-0

[Event "ICC tourney 2545 (5 3)"]
[Site "Internet Chess Club"]
[Date "2021.04.11"]
[Round "6"]
[White "Ernie1"]
[Black "ominousc"]
[Result "0-1"]
[ICCResult "White resigns"]
[WhiteElo "1248"]
[BlackElo "1369"]
[Opening "Levitsky attack (Queen's bishop attack)"]
[ECO "D00"]
[NIC "QP.08"]
[Time "16:14:03"]
[TimeControl "300+3"]

1. d4 d5 2. Bg5 h6 3. Bf4 g5 4. Bg3 Nc6 5. e3 Bg7 6. Bb5 Bd7 7. Nf3 Bg4 8.
Nbd2 e5 9. dxe5 a6 10. Be2 Bxf3 11. Nxf3 Qe7 12. O-O O-O-O 13. c4 Nxe5 14.
Bxe5 Bxe5 15. Nxe5 Qxe5 16. cxd5 Rxd5 17. Bg4+ f5 {White resigns} 0-1

[Event "ICC tourney 2545 (5 3)"]
[Site "Internet Chess Club"]
[Date "2021.04.11"]
[Round "6"]
[White "joey0926"]
[Black "cocokiu"]
[Result "1-0"]
[ICCResult "Black checkmated"]
[WhiteElo "1321"]
[BlackElo "1272"]
[Opening "Center game"]
[ECO "C22"]
[NIC "KP.04"]
[Time "16:15:12"]
[TimeControl "300+3"]

1. e4 e5 2. d4 exd4 3. Qxd4 Nc6 4. Qd1 Nf6 5. Nc3 Bb4 6. Bd3 O-O 7. Nf3 Re8
8. Bd2 Bxc3 9. Bxc3 Nxe4 10. O-O Nxc3 11. bxc3 Qf6 12. Nd4 Nxd4 13. cxd4 d5
14. Rb1 Qxd4 15. Bxh7+ Kxh7 16. Qxd4 Kg8 17. Qxd5 Be6 18. Qxb7 Rad8 19. Qxa7
Ra8 20. Qxc7 Rxa2 21. Rb7 Raa8 22. f4 Rec8 23. Qe7 Rxc2 24. f5 Ba2 25. f6 g6
26. Qe4 Rcc8 27. Qf4 Bd5 28. Qh6 Bxg2 29. Qg7# {Black checkmated} 1-0

[Event "ICC tourney 2545 (5 3)"]
[Site "Internet Chess Club"]
[Date "2021.04.11"]
[Round "6"]
[White "JyothirUaditya"]
[Black "vaishnavdurgasi"]
[Result "0-1"]
[ICCResult "White checkmated"]
[WhiteElo "1384"]
[BlackElo "1363"]
[Opening "French defense"]
[ECO "C00"]
[NIC "FR.01"]
[Time "16:15:21"]
[TimeControl "300+3"]

1. e4 e6 2. Nf3 d5 3. exd5 exd5 4. Qe2+ Be7 5. Qb5+ c6 6. Qe2 Nf6 7. d3 O-O
8. Bg5 Bb4+ 9. c3 Re8 10. Be3 Bc5 11. d4 Bd6 12. Qd3 Bg4 13. h3 Bxf3 14.
gxf3 Bf4 15. Kd1 Qc7 16. Bxf4 Qxf4 17. Qd2 Qxf3+ 18. Be2 Qxh1+ 19. Kc2 Qe4+
20. Bd3 Qe1 21. Qxe1 Rxe1 22. f3 Nbd7 23. f4 Rae8 24. h4 Rh1 25. h5 Ree1 26.
Kd2 Nxh5 27. a3 Nxf4 28. Bc2 Re2# {White checkmated} 0-1

[Event "ICC tourney 2545 (5 3)"]
[Site "Internet Chess Club"]
[Date "2021.04.11"]
[Round "6"]
[White "ELCCEthan488"]
[Black "noprisoners"]
[Result "1-0"]
[ICCResult "Black resigns"]
[WhiteElo "1557"]
[BlackElo "1281"]
[Opening "Trompowsky attack (Ruth, Opocenský opening)"]
[ECO "A45"]
[NIC "QP.07"]
[Time "16:15:23"]
[TimeControl "300+3"]

1. d4 Nf6 2. Bg5 d5 3. Bxf6 exf6 4. e3 c5 5. Nf3 Bg4 6. Be2 Bf5 7. c3 c4 8.
Nbd2 Bd3 9. Bxd3 cxd3 10. Nb3 Nc6 11. Qxd3 Be7 12. O-O O-O 13. Rac1 Bd6 14.
h3 Qd7 15. Nbd2 f5 16. c4 dxc4 17. Nxc4 Bc7 18. Rfd1 Nb4 19. Qb3 Nd5 20.
Nce5 Qd6 21. Rc5 Nb6 22. Rdc1 Rac8 23. Ng5 h6 24. Ngxf7 Kh7 25. Nxd6 Bxd6
26. Rxc8 Rxc8 27. Rxc8 Bxe5 28. Qg8+ {Black resigns} 1-0

[Event "ICC tourney 2545 (5 3)"]
[Site "Internet Chess Club"]
[Date "2021.04.11"]
[Round "6"]
[White "RichTNYC"]
[Black "iamkenoh"]
[Result "0-1"]
[ICCResult "White checkmated"]
[WhiteElo "1208"]
[BlackElo "1511"]
[Opening "King's pawn game"]
[ECO "C50"]
[NIC "IG.03"]
[Time "16:14:47"]
[TimeControl "300+3"]

1. e4 e5 2. Nf3 Nc6 3. Bc4 d6 4. d3 Bg4 5. Be3 h6 6. Nbd2 Na5 7. Bb3 Nxb3 8.
axb3 Be7 9. O-O Nf6 10. h3 Bh5 11. Qe1 Bg6 12. Nh4 O-O 13. Nxg6 fxg6 14. f4
exf4 15. Bxf4 Nh5 16. Bg3 Rxf1+ 17. Nxf1 d5 18. Ne3 dxe4 19. dxe4 Bc5 20.
Kh2 Qg5 21. Nd5 c6 22. Nc7 Rf8 23. Ne6 Qe7 24. Nxf8 Qxf8 25. Qf1 Qe7 26. Re1
Qg5 27. Qf3 Kh7 28. e5 Qe7 29. e6 Nxg3 30. Kxg3 Bd6+ 31. Kf2 Qh4+ 32. Kf1
Bb4 33. e7 Qxe1# {White checkmated} 0-1

[Event "ICC tourney 2545 (5 3)"]
[Site "Internet Chess Club"]
[Date "2021.04.11"]
[Round "6"]
[White "elpitagoras"]
[Black "jayam111"]
[Result "0-1"]
[ICCResult "White checkmated"]
[WhiteElo "1486"]
[BlackElo "1564"]
[Opening "Sicilian: Smith-Morra gambit"]
[ECO "B21"]
[NIC "SI.47"]
[Time "16:14:51"]
[TimeControl "300+3"]

1. e4 c5 2. d4 cxd4 3. c3 Nf6 4. e5 Nd5 5. cxd4 e6 6. Nc3 Bb4 7. Ne2 O-O 8.
a3 Bxc3+ 9. Nxc3 Nxc3 10. bxc3 Nc6 11. Bd3 b6 12. O-O Bb7 13. Be3 f6 14. Qh5
g6 15. Bxg6 hxg6 16. Qxg6+ Kh8 17. Qh6+ Kg8 18. Qg6+ Kh8 19. Qh5+ Kg8 20.
Bh6 Qe7 21. Qg6+ Kh8 22. Bxf8 Rxf8 23. Qh6+ Qh7 24. Qxf8+ Qg8 25. Qxf6+ Kh7
26. Rae1 Nxe5 27. Rxe5 Qxg2# {White checkmated} 0-1

[Event "ICC tourney 2545 (5 3)"]
[Site "Internet Chess Club"]
[Date "2021.04.11"]
[Round "6"]
[White "ashrafismyname"]
[Black "HorseHead"]
[Result "1-0"]
[ICCResult "Black checkmated"]
[WhiteElo "1575"]
[BlackElo "1297"]
[Opening "Bishop's opening: Berlin defense"]
[ECO "C24"]
[NIC "IG.04"]
[Time "16:14:50"]
[TimeControl "300+3"]

1. e4 e5 2. Bc4 Nf6 3. d3 d6 4. h3 h6 5. Nc3 a6 6. a3 b5 7. Ba2 c6 8. Nge2
Be6 9. Ng3 Be7 10. O-O Qc8 11. Kh2 O-O 12. Nce2 d5 13. f4 exf4 14. Nxf4 dxe4
15. dxe4 Bd6 16. Nfh5 Bxg3+ 17. Nxg3 Nh7 18. Nf5 Rd8 19. Qg4 g6 20. Bxe6
Qxe6 21. Nxh6+ Kh8 22. Nxf7+ Qxf7 23. Rxf7 Rg8 24. Qh4 Rg7 25. Qd8+ Rg8 26.
Qd4+ Nf6 27. Qxf6+ Rg7 28. Qxg7# {Black checkmated} 1-0

[Event "ICC tourney 2545 (5 3)"]
[Site "Internet Chess Club"]
[Date "2021.04.11"]
[Round "6"]
[White "Sandeshbajaj"]
[Black "MasterZachary"]
[Result "0-1"]
[ICCResult "White resigns"]
[WhiteElo "1916"]
[BlackElo "2170"]
[Opening "Queen's bishop game"]
[ECO "D02"]
[NIC "QP.08"]
[Time "16:13:57"]
[TimeControl "300+3"]

1. d4 d5 2. Nf3 Nf6 3. Bf4 c5 4. e3 Nc6 5. Nbd2 cxd4 6. exd4 Qb6 7. Nb3 Bg4
8. c3 a5 9. Rb1 a4 10. Nc5 e5 11. dxe5 Bxc5 12. Qc2 Ne4 13. Bg3 Rc8 14. Qxa4
Bxf2+ 15. Kd1 Qe3 16. Kc2 Bxf3 17. gxf3 Qd2+ 18. Kb3 Nc5+ 19. Ka3 Nxa4 20.
Kxa4 Qc2+ 21. Ka3 Ra8+ {White resigns} 0-1

[Event "ICC tourney 2545 (5 3)"]
[Site "Internet Chess Club"]
[Date "2021.04.11"]
[Round "6"]
[White "objetpetit-zam"]
[Black "Ecalevolkk"]
[Result "0-1"]
[ICCResult "White resigns"]
[WhiteElo "1364"]
[BlackElo "1654"]
[Opening "Ruy Lopez: modern Steinitz defense"]
[ECO "C75"]
[NIC "RL.11"]
[Time "16:14:17"]
[TimeControl "300+3"]

1. e4 e5 2. Nf3 Nc6 3. Bb5 a6 4. Ba4 d6 5. c3 Bd7 6. h3 g6 7. d3 Bg7 8. Be3
Nge7 9. Nbd2 O-O 10. O-O h6 11. Kh2 Kh7 12. Rg1 f5 13. exf5 Nxf5 14. Bc2 d5
15. d4 Nxe3 16. fxe3 e4 17. Nxe4 dxe4 18. Bxe4 Bf5 19. Bxc6 bxc6 20. Qe2 Be4
21. Nd2 Qe7 22. Qg4 Bf5 23. Qg3 Qd6 24. e4 Be6 25. e5 Qd7 26. Qe3 Rf7 27.
Ne4 Raf8 28. Nc5 Qe7 29. Nxa6 Bd5 30. Nc5 h5 31. a4 Bh6 32. Qd3 Bf4+ 33. g3
Bg5 34. Ne4 Rf2+ 35. Nxf2 Rxf2+ 36. Rg2 Rxg2+ {White resigns} 0-1

[Event "ICC tourney 2545 (5 3)"]
[Site "Internet Chess Club"]
[Date "2021.04.11"]
[Round "6"]
[White "ionplayr"]
[Black "MohanadWael"]
[Result "1-0"]
[ICCResult "Black checkmated"]
[WhiteElo "1157"]
[BlackElo "1199"]
[Opening "Sicilian: closed"]
[ECO "B23"]
[NIC "SI.44"]
[Time "16:14:50"]
[TimeControl "300+3"]

1. e4 c5 2. Nc3 d6 3. d3 Nc6 4. h3 g6 5. Nf3 Bg7 6. Be2 Nf6 7. Bg5 Qb6 8.
Bxf6 Bxf6 9. O-O Qxb2 10. Nd5 Kd8 11. Rb1 Qxa2 12. Nxf6 exf6 13. Nh2 Qe6 14.
Bg4 Qe5 15. Bxc8 Rxc8 16. Qg4 h5 17. Qf3 Nd4 18. Qd1 g5 19. Nf3 Nxf3+ 20.
Qxf3 g4 21. Qf5 Qd4 22. h4 Qc3 23. g3 Qxc2 24. Qxf6+ Kd7 25. Qxf7+ Kc6 26.
Qd5+ Kd7 27. Rxb7+ Rc7 28. Qf7+ Kc8 29. Qxc7# {Black checkmated} 1-0

[Event "ICC tourney 2545 (5 3)"]
[Site "Internet Chess Club"]
[Date "2021.04.11"]
[Round "6"]
[White "Fraser"]
[Black "Hewett555"]
[Result "0-1"]
[ICCResult "White resigns"]
[WhiteElo "1213"]
[BlackElo "1302"]
[Opening "Queen's pawn game"]
[ECO "D04"]
[NIC "QP.06"]
[Time "16:14:01"]
[TimeControl "300+3"]

1. Nf3 Nf6 2. d4 d5 3. e3 Bf5 4. a3 e6 5. c4 c6 6. Nc3 Be7 7. cxd5 cxd5 8.
Bd2 Nc6 9. Bb5 Qb6 10. Ne5 O-O 11. Nxc6 bxc6 12. Be2 Qxb2 13. O-O Bc2 14.
Qe1 Bxa3 15. Bf3 Bb4 16. Ra2 Qb3 17. Na4 Bxd2 18. Qxd2 Qxa2 19. Nc5 Rab8 20.
Rc1 Rb1 21. e4 Rxc1+ 22. Qxc1 dxe4 23. Bd1 Bxd1 24. Qxd1 Rd8 25. h3 a5 26.
Nb7 Rd5 27. Qc1 Rxd4 28. Qxc6 Rd1+ 29. Kh2 h6 30. Qc8+ Kh7 31. Qc3 Qd5 32.
Nc5 Rd3 33. Qc2 Qe5+ 34. g3 Rf3 35. Kg2 Rc3 {White resigns} 0-1

[Event "ICC tourney 2545 (5 3)"]
[Site "Internet Chess Club"]
[Date "2021.04.11"]
[Round "6"]
[White "FootDoc"]
[Black "colorfulcake"]
[Result "0-1"]
[ICCResult "White resigns"]
[WhiteElo "1582"]
[BlackElo "1402"]
[Opening "Bird's opening"]
[ECO "A02"]
[NIC "VO.07"]
[Time "16:14:49"]
[TimeControl "300+3"]

1. f4 Nf6 2. Nf3 g6 3. e3 Bg7 4. d3 b6 5. e4 Bb7 6. Be2 d6 7. O-O O-O 8. Qe1
c5 9. Nc3 Nc6 10. h3 a6 11. g4 Nd4 12. Bd1 Nd7 13. f5 b5 14. Ne2 Rc8 15.
Nexd4 cxd4 16. h4 d5 17. g5 dxe4 18. dxe4 Nc5 19. Nd2 Qb6 20. Qf2 Nxe4 21.
Nxe4 Bxe4 22. f6 exf6 23. gxf6 Bh8 24. Qf4 Bf5 25. Bg4 Bxg4 26. Qxg4 Bxf6
27. Bh6 Bg7 28. Bxg7 Kxg7 29. Rf2 d3 30. c3 Rce8 31. Kg2 Qc6+ 32. Kh3 Re3+
33. Kh2 Qe6 34. Qxe6 Rxe6 35. Rd1 Rd8 36. Kg2 Re2 37. Kf1 Rxf2+ 38. Kxf2 f5
39. Ke3 Re8+ 40. Kxd3 Rd8+ 41. Ke2 Rxd1 42. Kxd1 Kf6 43. Ke2 Ke5 44. Kf3 h6
45. b3 g5 46. hxg5 hxg5 47. a3 g4+ 48. Ke3 f4+ 49. Kd3 Kd5 50. a4 g3 51. Ke2
bxa4 52. bxa4 Kc4 53. Kf3 Kxc3 54. Kxf4 g2 55. Ke4 g1=Q 56. Kd5 Qb6
{White resigns}
0-1

[Event "ICC tourney 2545 (5 3)"]
[Site "Internet Chess Club"]
[Date "2021.04.11"]
[Round "6"]
[White "B9"]
[Black "checkninja"]
[Result "1-0"]
[ICCResult "Black resigns"]
[WhiteElo "1799"]
[BlackElo "1678"]
[Opening "Queen's pawn game"]
[ECO "D05"]
[NIC "QP.06"]
[Time "16:13:54"]
[TimeControl "300+3"]

1. d4 Nf6 2. Nf3 e6 3. e3 d5 4. b3 c5 5. Bb2 Nc6 6. Nbd2 Be7 7. Bd3 O-O 8.
O-O h6 9. a3 b6 10. Qe2 Bb7 11. Rfd1 Rc8 12. c4 cxd4 13. Nxd4 Nxd4 14. Bxd4
Bc5 15. Bb2 d4 16. Nf3 dxe3 17. Bh7+ Kxh7 18. Rxd8 exf2+ 19. Kh1 Rcxd8 20.
b4 Bxf3 21. gxf3 Bd4 22. Qc2+ g6 23. Kg2 Nh5 24. Bxd4 Rxd4 25. Rd1 Rfd8 26.
Rxd4 Rxd4 27. Kxf2 Nf4 28. c5 bxc5 29. bxc5 Nd5 30. c6 Ra4 31. c7 Nxc7 32.
Qxc7 Kg7 33. Qc5 a5 34. Qb5 {Black resigns} 1-0

[Event "ICC tourney 2545 (5 3)"]
[Site "Internet Chess Club"]
[Date "2021.04.11"]
[Round "6"]
[White "ranadiw"]
[Black "jbowman3"]
[Result "0-1"]
[ICCResult "White checkmated"]
[WhiteElo "1139"]
[BlackElo "1318"]
[Opening "Scandinavian (center counter) defense"]
[ECO "B01"]
[NIC "SD.01"]
[Time "16:14:24"]
[TimeControl "300+3"]

1. e4 d5 2. exd5 Qxd5 3. Nc3 Qa5 4. Nf3 Nf6 5. Be2 Bf5 6. O-O e6 7. d4 Be7
8. Re1 O-O 9. a3 c6 10. Bd2 Qc7 11. g3 Nbd7 12. Bf4 Bd6 13. Ne5 Nxe5 14.
dxe5 Bxe5 15. Bg5 Rad8 16. Bd3 Bxd3 17. cxd3 h6 18. Be3 a6 19. Qe2 Rd7 20.
Rad1 Rfd8 21. Ne4 Nxe4 22. dxe4 Rxd1 23. Rxd1 Rxd1+ 24. Qxd1 Bxb2 25. f4
Bxa3 26. Qd3 Be7 27. e5 Qd8 28. Qb3 b5 29. f5 Qd5 30. Qc2 Qxe5 31. Bf4 Qxf5
32. Qxc6 a5 33. Qe8+ Bf8 34. Bd6 Qb1+ 35. Kg2 Qc2+ 36. Kh3 Qf5+ 37. Kh4 g5+
38. Kh5 Qh3# {White checkmated} 0-1

[Event "ICC tourney 2545 (5 3)"]
[Site "Internet Chess Club"]
[Date "2021.04.11"]
[Round "6"]
[White "debarghya1972"]
[Black "WestCoastGirl"]
[Result "1-0"]
[ICCResult "Black resigns"]
[WhiteElo "1730"]
[BlackElo "1437"]
[Opening "Sicilian: closed"]
[ECO "B23"]
[NIC "SI.44"]
[Time "16:15:25"]
[TimeControl "300+3"]

1. e4 c5 2. Nc3 d6 3. g3 Nf6 4. Bg2 e6 5. d3 a6 6. Nge2 Qc7 7. h4 Nc6 8. Be3
Be7 9. Qd2 Rb8 10. h5 b5 11. a3 b4 12. axb4 Nxb4 13. O-O d5 14. exd5 Ng4 15.
Bf4 e5 16. Be3 Nxe3 17. fxe3 O-O 18. e4 Bg4 19. Nd1 Qb6 20. c3 c4+ 21. d4
Nd3 22. Rb1 Qc7 23. Ne3 Bxh5 24. Nf5 h6 25. dxe5 Bg5 26. Nf4 Qxe5 27. Nxd3
Qxf5 28. Rxf5 Bxd2 29. Rxh5 cxd3 30. Bf1 Bxc3 31. Bxd3 Rxb2 32. Rxb2 Bxb2
33. Bxa6 Ra8 34. Bd3 Ra1+ 35. Kg2 Bd4 36. Rf5 Rg1+ 37. Kh3 g6 38. Rf1 Kf8
39. d6 Rxf1 40. Bxf1 Be5 41. d7 Ke7 42. Bb5 g5 43. g4 Bc7 44. Kg2 Kd6 45.
Kf3 Ke5 46. Ke3 f6 47. Ba4 Bb6+ 48. Kd3 Kf4 49. Bd1 Kg3 50. Kc4 Kf4 51. Kd5
Bd8 52. Be2 Ke3 53. Bd1 Kf2 54. Ke6 Kg3 55. Kf5 Be7 56. Kg6 Kf4 57. Kf7 Bd8
58. Ke8 Bb6 59. d8=Q Bxd8 60. Kxd8 Kxe4 61. Ke7 Kf4 62. Kxf6 Kg3 63. Kg6 Kh4
64. Kxh6 Kg3 65. Kxg5 {Black resigns} 1-0

[Event "ICC tourney 2545 (5 3)"]
[Site "Internet Chess Club"]
[Date "2021.04.11"]
[Round "6"]
[White "Vetinari"]
[Black "JamesS"]
[Result "1-0"]
[ICCResult "Black resigns"]
[WhiteElo "1515"]
[BlackElo "1334"]
[Opening "Caro-Kann: Panov-Botvinnik attack, 5...e6"]
[ECO "B14"]
[NIC "CK.03"]
[Time "16:15:27"]
[TimeControl "300+3"]

1. e4 c6 2. d4 d5 3. exd5 cxd5 4. c4 Nf6 5. Nc3 e6 6. c5 b6 7. b4 Be7 8. Nf3
O-O 9. Bf4 bxc5 10. bxc5 Qa5 11. Qd2 Nc6 12. Bd3 Nb4 13. O-O Nxd3 14. Qxd3
Ba6 15. Qd2 h6 16. Nxd5 Qd8 17. Nxe7+ Qxe7 18. Bd6 Qd7 19. Ne5 Qe8 20. Rfc1
Nd5 21. Nd3 Bxd3 22. Qxd3 f5 23. Bxf8 Qxf8 24. Re1 Qf6 25. Re5 Nf4 26. Qc4
Re8 27. Rae1 Qg6 28. g3 Nh3+ 29. Kg2 Ng5 30. h4 Ne4 31. c6 f4 32. R1xe4 fxg3
33. fxg3 Kh8 34. Rxe6 Rxe6 35. Qxe6 {Black resigns} 1-0

[Event "ICC tourney 2545 (5 3)"]
[Site "Internet Chess Club"]
[Date "2021.04.11"]
[Round "6"]
[White "pokerram"]
[Black "TYH"]
[Result "0-1"]
[ICCResult "White resigns"]
[WhiteElo "1198"]
[BlackElo "1677"]
[Opening "Scandinavian (center counter) defense"]
[ECO "B01"]
[NIC "SD.01"]
[Time "16:14:42"]
[TimeControl "300+3"]

1. e4 d5 2. exd5 Qxd5 3. Nc3 Qa5 4. d4 Nf6 5. Bc4 Nc6 6. Ne2 Bg4 7. f3 Bh5
8. Bd2 Qf5 9. Bd3 Qd7 10. O-O Nxd4 11. Nxd4 Qxd4+ 12. Kh1 c6 13. Ne2 Qd7 14.
Ng3 Bg6 15. Ne4 e6 16. Nc5 Bxc5 17. Bg5 Be7 18. Qe2 O-O 19. f4 Rad8 20. Rad1
Qc7 21. Bxg6 hxg6 22. Rf3 Rxd1+ 23. Qxd1 Rd8 24. Qe1 Qd6 25. Rd3 Qc5 26. Qd1
Rxd3 27. Qxd3 Nd5 28. Bxe7 Qxe7 29. Qa3 Qxa3 {White resigns} 0-1

[Event "ICC tourney 2545 (5 3)"]
[Site "Internet Chess Club"]
[Date "2021.04.11"]
[Round "6"]
[White "Ldon22"]
[Black "run123"]
[Result "1-0"]
[ICCResult "Black resigns"]
[WhiteElo "1364"]
[BlackElo "1806"]
[Opening "Sicilian: Canal-Sokolsky (Nimzovich-Rossolimo, Moscow) attack"]
[ECO "B51"]
[NIC "SI.01"]
[Time "16:15:28"]
[TimeControl "300+3"]

1. e4 c5 2. Nf3 d6 3. Bb5+ Nd7 4. d4 Nf6 5. e5 Qa5+ 6. Nc3 Nd5 7. Bxd7+ Bxd7
8. Bd2 Nxc3 9. Bxc3 Qb6 10. exd6 exd6 11. dxc5 dxc5 12. O-O O-O-O 13. Qe2
Be6 14. Ng5 Be7 15. Nxe6 fxe6 16. Rfe1 Rd6 17. Bxg7 Rhd8 18. Bc3 Bg5 19.
Rad1 a6 20. Rxd6 Rxd6 21. Qe5 Bd8 22. h3 Bc7 23. Qh8+ Rd8 24. Qxh7 Qd6 25.
g3 Qd5 26. a3 Qf3 27. Qe4 Qh5 28. Qxe6+ Kb8 29. Be5 Rc8 30. Bxc7+ Rxc7 31.
Qe8+ Ka7 32. Qxh5 {Black resigns} 1-0

[Event "ICC tourney 2545 (5 3)"]
[Site "Internet Chess Club"]
[Date "2021.04.11"]
[Round "6"]
[White "saisiva765"]
[Black "Eagle64"]
[Result "0-1"]
[ICCResult "White resigns"]
[WhiteElo "1812"]
[BlackElo "2573"]
[Opening "Queen's pawn: London system"]
[ECO "A45"]
[NIC "QP.07"]
[Time "16:15:28"]
[TimeControl "300+3"]

1. d4 Nf6 2. Bf4 d5 3. e3 c5 4. Nf3 Nc6 5. c3 Qb6 6. Qb3 c4 7. Qxb6 axb6 8.
Nbd2 b5 9. Be2 Bf5 10. O-O b4 11. Nh4 Bd7 12. Be5 e6 13. e4 bxc3 14. bxc3
Ba3 15. Rab1 b5 16. exd5 Nxd5 17. Ne4 Nxe5 18. dxe5 O-O 19. Bf3 Be7 20. g3
Rxa2 21. Ng2 h6 22. Rfd1 Bc6 23. Nf4 Rfa8 24. Nxd5 Bxd5 25. Rxb5 Rc2 26. Nd2
Rxd2 27. Rxd2 Bxf3 28. Rb1 Bc5 29. Rdb2 Kh7 30. Kf1 g5 31. Ke1 g4 32. Rd2
Kg6 33. Rdb2 Kf5 34. Rd2 Ra3 35. Rd7 Ra2 36. Rxf7+ Ke4 37. Rf4+ Kd3
{White resigns}
0-1

[Event "ICC tourney 2545 (5 3)"]
[Site "Internet Chess Club"]
[Date "2021.04.11"]
[Round "6"]
[White "hannabanana"]
[Black "marazul1"]
[Result "0-1"]
[ICCResult "White forfeits on time"]
[WhiteElo "1169"]
[BlackElo "1201"]
[Opening "King's pawn game"]
[ECO "C50"]
[NIC "IG.03"]
[Time "16:14:22"]
[TimeControl "300+3"]

1. e4 e5 2. Nf3 Nc6 3. Bc4 h6 4. O-O Nf6 5. Nc3 Nd4 6. Nxe5 Ne6 7. d4 c6 8.
d5 Ng5 9. Bxg5 hxg5 10. dxc6 d5 11. Nxd5 b5 12. Nxf6+ gxf6 13. Nxf7 Qxd1 14.
Raxd1 bxc4 15. Nxh8 Bg7 16. Ng6 Kf7 17. Rd4 Kxg6 18. Rxc4 Be6 19. Ra4 Bf8
20. c7 Bc5 21. Rd1 Rc8 22. b4 Bb6 23. Rd6 Bf7 {White forfeits on time} 0-1

[Event "ICC tourney 2545 (5 3)"]
[Site "Internet Chess Club"]
[Date "2021.04.11"]
[Round "6"]
[White "ren"]
[Black "arconia"]
[Result "1-0"]
[ICCResult "Black forfeits on time"]
[WhiteElo "1319"]
[BlackElo "984"]
[Opening "Queen's pawn: London system"]
[ECO "A45"]
[NIC "QP.07"]
[Time "16:14:17"]
[TimeControl "300+3"]

1. d4 Nf6 2. Bf4 e6 3. e3 Be7 4. Nd2 O-O 5. Ngf3 d5 6. h4 b6 7. Bd3 c5 8. c3
Ng4 9. Bg3 f5 10. Ne5 c4 11. Be2 h5 12. f3 Nxe3 13. Qc1 Nxg2+ 14. Kf2 Nxh4
15. f4 Nd7 16. Ndf3 Nxf3 17. Nxf3 g6 18. Qg1 g5 19. Rxh5 g4 20. Bh4 Bxh4+
21. Nxh4 Rf7 22. Bxg4 Rg7 23. Nxf5 {Black forfeits on time} 1-0

[Event "ICC tourney 2545 (5 3)"]
[Site "Internet Chess Club"]
[Date "2021.04.11"]
[Round "6"]
[White "chessrex"]
[Black "Havanah"]
[Result "1-0"]
[ICCResult "Black resigns"]
[WhiteElo "1809"]
[BlackElo "1429"]
[Opening "Blackmar-Diemer gambit"]
[ECO "A45"]
[NIC "QP.07"]
[Time "16:14:48"]
[TimeControl "300+3"]

1. d4 Nf6 2. f3 d5 3. e4 dxe4 4. Nc3 exf3 5. Nxf3 Bg4 6. h3 Bh5 7. g4 Bg6 8.
Ne5 e6 9. Qf3 Qxd4 10. Nxg6 hxg6 11. Qxb7 Bc5 12. Qxa8 Qf2+ 13. Kd1 O-O 14.
Bd2 Nbd7 15. Qg2 Qd4 16. Bd3 Ne5 17. Qe2 Rd8 18. Re1 Nxd3 19. Qxd3 Qxd3 20.
cxd3 Rxd3 21. Kc2 Rxh3 22. Ne4 Nxe4 23. Rxe4 Bd6 24. Rae1 Rh2 25. R1e2 Rh1
26. Bb4 Kf8 27. Bxd6+ cxd6 28. Rb4 Ke7 29. Rb7+ Kf6 30. Rf2+ Ke5 31. Rbxf7
Rg1 32. Rxg7 Rxg4 33. Rxa7 d5 34. Re2+ Kf5 35. Re7 Re4 36. Rxe4 dxe4 37. a4
Kf6 38. Rh7 g5 39. a5 e3 40. a6 e5 41. a7 Kf5 42. a8=Q {Black resigns} 1-0